 Dungeon Sprint DCSS version 0.30-a0-696-g2367cd04db (webtiles) character file.

Game seed: 9136408299489699096

50 petercordia the Conjurer (level 3, 0/33 HPs)
             Began as a Naga Conjurer on Jan 20, 2023.
             Succumbed to a scorpion's poison
             ... in the Dungeon (Sprint IX: "|||||||||||||||||||||||||||||") on Jan 21, 2023.
             The game lasted 00:01:41 (105 turns).

petercordia the Conjurer (Naga Conjurer)             Turns: 105, Time: 00:01:43

Health: 0/33       AC:  2    Str:  9    XL:     3   Next: 79%
Magic:  7/8        EV:  9    Int: 20    God:
Gold:   0          SH:  0    Dex:  9    Spells: 9/10 levels left

rFire   . . .      SeeInvis +    h - +3 dagger
rCold   . . .      Faith    .    (no shield)
rNeg    . . .      Spirit   .    a - +0 robe
rPois   +          Reflect  .    (no helmet)
rElec   .          Harm     .    (no cloak)
rCorr   .          Rampage  .    (no gloves)
Will    .....      NoTele   +    (no barding)
Stlth   ++                       (no amulet)
HPRegen 0.25/turn                (no ring)
MPRegen 0.11/turn                (no ring)

@: lethally poisoned (0 -> -6), on berserk cooldown, slowed, very slow
A: AC +1, large, see invisible, deformed body, poison resistance, slowness 2,
spit poison 1, naga tail 1
a: Spit Poison


You were in the Dungeon.
You visited 1 branch

Inventory:

Hand Weapons
 h - a +3 dagger (weapon)
Missiles
 i - 5 stones
Armour
 a - a +0 robe (worn)
Scrolls
 g - a scroll of blinking
Potions
 b - 2 potions of magic
 c - a potion of curing
 e - a potion of haste


   Skills:
 + Level 2.6 Fighting
 - Level 1.6 Dodging
 - Level 3.0 Stealth
 * Level 4.3 Spellcasting
 * Level 6.2 Conjurations


You had 9 spell levels left.
You knew the following spells:

 Your Spells              Type           Power      Damage    Failure   Level
a - Magic Dart            Conj           100%       1d8       1%          1

Your spell library contained the following spells:

 Spells                   Type           Power      Damage    Failure   Level
 Searing Ray              Conj           58%        2d6       1%          2
 Dazzling Flash           Conj/Hex       32%        N/A       11%         3
 Fulminant Prism          Conj/Hex       8%         3d6       34%         4
 Iskenderun's Mystic Bla  Conj/Tloc      16%        2d5       34%         4


Dungeon Overview and Level Annotations

Branches:
Dungeon (1/1)

Altars:


Innate Abilities, Weirdness & Mutations

Your serpentine skin is tough. (AC +1)
You have supernaturally acute eyesight. (SInv)
Armour fits poorly on your strangely shaped body.
Your system is resistant to poisons. (rPois)
You cover ground very slowly.
You can spit poison.
You have a snake-like lower body.


Message History

Aiming: Spit Poison (2% risk of failure)
Press: ? - help, Shift-Dir - straight line, f - scorpion
Aim: a scorpion (59% to hit)
The splash of poison hits the scorpion but does no damage.
The scorpion is poisoned.
The scorpion barely misses you. x2
Casting: Magic Dart (safe; 1% risk of failure)
Confirm with . or Enter, or press ? or * to list all spells.
Aiming: Magic Dart (safe; 1% risk of failure)
Press: ? - help, Shift-Dir - straight line, f/p - scorpion
Aim: a scorpion (moderately wounded, poisoned, 100% to hit)
The magic dart hits the scorpion but does no damage.
The scorpion is moderately wounded.
The scorpion stings you but does no damage.
The scorpion closely misses you. Magic courses through your body.
You have got your breath back.
The scorpion stings you.
You are poisoned.
The scorpion poisons you! The scorpion stings you.
* * * LOW HITPOINT WARNING * * *
Unknown command.
Casting: Magic Dart (safe; 1% risk of failure)
Confirm with . or Enter, or press ? or * to list all spells.
Aiming: Magic Dart (safe; 1% risk of failure)
Press: ? - help, Shift-Dir - straight line, f/p - scorpion
Aim: a scorpion (heavily wounded, poisoned, 100% to hit)
The magic dart hits the scorpion but does no damage.
The scorpion is heavily wounded.
* * * LOW HITPOINT WARNING * * *
You feel very sick. The scorpion stings you.
* * * LOW HITPOINT WARNING * * *
Casting: Magic Dart (safe; 1% risk of failure)
Confirm with . or Enter, or press ? or * to list all spells.
Aiming: Magic Dart (safe; 1% risk of failure)
Press: ? - help, Shift-Dir - straight line, f/p - scorpion
Aim: a scorpion (heavily wounded, poisoned, 100% to hit)
The magic dart hits the scorpion but does no damage.
The scorpion is heavily wounded.
You die...

▓+▓
▓.▓
▓.▓
▓.▓
▓.▓
▓S▓
▓s▓
▓@▓
▓.▓
▓.▓
▓.▓
▓.▓
▓†▓
▓.▓
▓.▓
▓.▓


You could see a scorpion (poisoned) and an adder.

Vanquished Creatures
  An iguana (D)
  2 adders (D)
  A giant cockroach (D)
  A hobgoblin (D)
  A ball python (D)
  A kobold (D)
  A rat (D)
8 creatures vanquished.

Notes
Turn   | Place    | Note
-------+----------+-------------------------------------------
     0 | D        | petercordia the Naga Conjurer began the quest for the Orb.
     0 | D        | Reached XP level 1. HP: 15/15 MP: 3/3
    80 | D        | Noticed a scorpion
    80 | D        | Noticed an iguana
    88 | D        | Reached skill level 1 in Fighting
    88 | D        | Reached skill level 5 in Conjurations
    88 | D        | Reached XP level 2. HP: 25/25 MP: 0/6
    90 | D        | Reached XP level 3. HP: 32/32 MP: 0/8
   101 | D        | Reached skill level 6 in Conjurations
   105 | D        | Succumbed to a scorpion's poison

Illustrated notes

Levels and vault maps discovered:
D:        linesprint [early_d, line_temple, items_1, d_10, items_2, lair_1,
          lair_end, items_3, orc_1, orc_end, items_4, d_15, swamp_1, shoals_1,
          snake_1, spider_1, d_20, vaults_1, items_5, swamp_end, shoals_end,
          snake_end, spider_end, vaults_end, d_27, items_6, zot_1, zot_end,
          crypt_end, forest_end, elf_end, slime_end, tomb_end, abyss_end,
          pan_hell_end]

Skill      XL: |  1  2  3 |
---------------+----------+-----
Fighting       | 1 2 |  2.6
Spellcasting   | 3 4 |  4.3
Conjurations   | 5 6 |  6.2
Dodging        | |  1.6
Stealth        | |  3.0

Action                   || total
-------------------------++-------
Melee: Unarmed           ||    21
       Dagger            ||    13
 Cast: Magic Dart        ||     9
 Abil: Spit Poison       ||     4
  Use: Potion            ||     3
Armor: Robe              ||     5
Dodge: Dodged            ||    20

Table legend: (Time is in decaauts)
 A = Elapsed time spent in this place.
 B = Non-inter-level travel time spent in this place.
 C = Inter-level travel time spent in this place.
 D = Time resting spent in this place.
 E = Time spent auto-exploring this place.
 F = Levels seen in this place.
 G = Mean time per level.
                   A        B        C        D        E       F      G
               +--------+--------+--------+--------+--------+-----+--------+
         Total |    105 |    105 |      0 |     41 |      4 |   1 |  105.0 |
       Dungeon |    105 |    105 |      0 |     41 |      4 |   1 |  105.0 |
               +--------+--------+--------+--------+--------+-----+--------+

Top non-repeatable levels by time:
       D: 105 daAuts
